Match 42675617
Unlisted

Match 42675617
End
Construct Infanterie Kompanie
Kettenkrad Recon Vehicle
Construct Infanterie Kompanie
MG 42 Machine Gun Team
Grenadier Squad
GrW 34 Mortar Team
MG 42 Machine Gun Team
Pioneer Squad
Construct Panzergrenadier Kompanie
Panzergrenadier Squad
Panzergrenadier Officer Quarters
Support Elements
Medical Station
Infanterie Officer Quarters
Side Skirts
Fire [Goat Company]
joy0407
Team saupiquet
ganxuezhao1
BUTCHER
今天拖了丽芙后腿
Professional_Gamer
Guitch
0
0

Comments sign in to comment!

No comments posted yet!